 Dungeon Crawl Stone Soup version 0.30-a0-639-g3916f1956a (webtiles) character file.

Game seed: 16015469822289623721

177357 timneilson the Tortoise (level 17, -3/133 HPs)
             Began as a Demonspawn Gladiator on Jan 15, 2023.
             Was the Champion of Qazlal.
             Slain by a black mamba (10 damage)
             ... on level 4 of the Snake Pit.
             The game lasted 01:11:55 (25160 turns).

timneilson the Tortoise (Demonspawn Gladiator)     Turns: 25160, Time: 01:11:56

Health: -3/133     AC: 32    Str: 20    XL:     17   Next: 54%
Magic:  27/27      EV: 11    Int: 11    God:    Qazlal [******]
Gold:   1272       SH: 20    Dex: 16    Spells: 16/16 levels left

rFire   + + .      SeeInvis +    o - +4 scimitar (flame)
rCold   + . .      Faith    .    g - +2 kite shield {AC+3}
rNeg    + . .      Spirit   .    S - +2 plate armour {rPois}
rPois   +          Reflect  .    c - +0 helmet
rElec   +          Harm     .    I - +1 cloak of Starlight {*Dazzle EV+4 Stlth--}
rCorr   .          Rampage  .    (gloves unavailable)
Will    +++..                    A - +0 pair of boots Stlth
                                 f - amulet of regeneration
HPRegen 1.22/turn                U - ring of Gorpha {Wiz rF++ rN+ Will+}
MPRegen 0.20/turn                u - ring of Giebosmi {Drain Fly rC+ Will+ SInv}

@: lethally poisoned (-3 -> -5), weakened, protected from electricity, flying,
constricted, studying Evocations, repel missiles
A: demonic guardian 1, foul stench 3, sharp scales 3, demonic touch 3
a: Renounce Religion, Upheaval, Elemental Force, Disaster Area


You were on level 4 of the Snake Pit.
You worshipped Qazlal.
Qazlal was exalted by your worship.
You visited 5 branches of the dungeon, and saw 27 of its levels.
You also visited: Gauntlet and Ice Cave.

You collected 3776 gold pieces.
You spent 2504 gold pieces at shops.

Inventory:

Hand Weapons
 o - a +4 scimitar of flaming (weapon)
 y - a +0 scimitar
Missiles
 d - 3 throwing nets (quivered)
 e - 8 javelins
 K - 5 silver javelins
Armour
 c - a +0 helmet (worn)
 g - a +2 kite shield of protection (worn)
 z - the +2 crystal plate armour "Ununt" {+Inv rElec Int+2}
   (You acquired it on level 3 of the Lair of Beasts)

   Int:       It affects your intelligence (+2).
   rElec:     It insulates you from electricity.
   +Inv:      It lets you turn invisible.
 A - a +0 pair of boots (worn)
 I - the +1 cloak of Starlight (worn) {*Dazzle EV+4 Stlth--}
   (You found it on level 3 of the Lair of Beasts)

   *Dazzle:   It may blind those who miss an attack against the wearer in melee
   combat.
   EV:        It affects your evasion (+4).
   Stlth:     It makes you much less stealthy.
 S - a +2 plate armour of poison resistance (worn)
 X - a +1 crystal plate armour of cold resistance
Jewellery
 f - an amulet of regeneration (around neck)
 u - the ring of Giebosmi (right hand) {Drain Fly rC+ Will+ SInv}
   (You took it off a gnoll bouda on level 8 of the Dungeon)

   [ring of flight]

   rC:        It protects you from cold.
   SInv:      It lets you see invisible.
   Fly:       It grants you flight.
   Drain:     It drains your maximum health when unequipped.
   Will:      It increases your willpower.
 v - an amulet of reflection
 T - a ring of positive energy
 U - the ring of Gorpha (left hand) {Wiz rF++ rN+ Will+}
   (You found it on level 15 of the Dungeon)

   [ring of wizardry]

   It improves your spell success rate.
   rF:        It greatly protects you from fire.
   rN:        It protects you from negative energy.
   Will:      It increases your willpower.
Wands
 p - a wand of digging (4)
 q - a wand of flame (28)
 M - a wand of mindburst (7)
 Q - a wand of charming (8)
Scrolls
 a - 3 scrolls of fog
 l - 7 scrolls of identify
 m - 10 scrolls of teleportation
 r - 4 scrolls of enchant armour
 w - 3 scrolls of fear
 B - a scroll of enchant weapon
 C - 2 scrolls of magic mapping
 F - 2 scrolls of amnesia
 H - 3 scrolls of poison
 L - 2 scrolls of silence
Potions
 b - 4 potions of mutation
 h - 5 potions of curing
 i - 3 potions of attraction
 k - 3 potions of ambrosia
 t - 2 potions of flight
 D - 2 potions of haste
 J - 4 potions of might
 N - 2 potions of resistance
Miscellaneous
 x - a phantom mirror
 Z - a condenser vane (inert)


   Skills:
 + Level 12.2 Fighting
 * Level 15.6 Long Blades
 - Level 1.7 Throwing
 * Level 17.8 Armour
 + Level 11.4 Dodging
 * Level 6.1 Shields
 + Level 13.8 Invocations
 + Level 9.6 Evocations


You had 16 spell levels left.
You didn't know any spells.
Your spell library contained the following spells:

 Spells                   Type           Power      Damage    Failure   Level
 Apportation              Tloc           0%         N/A       96%         1
 Foxfire                  Conj/Fire      0%         2x1d4     96%         1
 Magic Dart               Conj           0%         1d3       96%         1
 Necrotise                Necr           0%         1d4       96%         1
 Sandblast                Erth           0%         2d4       96%         1
 Summon Small Mammal      Summ           0%         N/A       96%         1
 Blink                    Tloc           0%         N/A       99%         2
 Call Imp                 Summ           0%         N/A       99%         2
 Cigotuvi's Dreadful Rot  Necr/Pois/Air  0%         N/A       99%         2
 Ensorcelled Hibernation  Hex/Ice        0%         N/A       99%         2
 Lesser Beckoning         Tloc           0%         N/A       99%         2
 Scorch                   Fire           0%         2d5       99%         2
 Sublimation of Blood     Necr           0%         N/A       99%         2
 Confusing Touch          Hex            0%         N/A       100%        3
 Dazzling Flash           Conj/Hex       0%         N/A       100%        3
 Frozen Ramparts          Ice            0%         1d1       100%        3
 Gell's Gravitas          Tloc           0%         N/A       100%        3
 Hailstorm                Conj/Ice       0%         3d3       100%        3
 Ignite Poison            Fire/Tmut/Pois 0%         N/A       100%        3
 Kindle Blastsparks       Fire/Tloc/Air  0%         2d10      100%        3
 Mephitic Cloud           Conj/Pois/Air  0%         N/A       100%        3
 Ozocubu's Armour         Ice            0%         N/A       100%        3
 Spider Form              Tmut/Pois      0%         N/A       100%        3
 Summon Guardian Golem    Hex/Summ       0%         N/A       100%        3
 Teleport Other           Tloc           0%         N/A       100%        3
 Tukima's Dance           Hex            0%         N/A       100%        3
 Vampiric Draining        Necr           0%         2d6       100%        3
 Airstrike                Air            0%         2d(0-16)  100%        4
 Anguish                  Hex/Necr       0%         N/A       100%        4
 Animate Dead             Necr           0%         N/A       100%        4
 Flame Wave               Conj/Fire      0%         2d4       100%        4
 Fulminant Prism          Conj/Hex       0%         3d5       100%        4
 Ice Form                 Ice/Tmut       0%         N/A       100%        4
 Iskenderun's Mystic Bla  Conj/Tloc      0%         2d3       100%        4
 Manifold Assault         Tloc           0%         N/A       100%        4
 Petrify                  Tmut/Erth      0%         N/A       100%        4
 Sticky Flame             Conj/Fire      0%         2d3       100%        4
 Summon Ice Beast         Ice/Summ       0%         N/A       100%        4
 Summon Lightning Spire   Summ/Air       0%         N/A       100%        4
 Agony                    Necr           0%         N/A       100%        5
 Borgnjor's Vile Clutch   Necr/Erth      0%         N/A       100%        5
 Fireball                 Conj/Fire      0%         3d3       100%        5
 Freezing Cloud           Conj/Ice/Air   0%         6-21      100%        5
 Irradiate                Conj/Tmut      0%         3d11      100%        5
 Iskenderun's Battlesphe  Conj           0%         2d6       100%        5
 Lee's Rapid Deconstruct  Erth           0%         3d4*      100%        5
 Lightning Bolt           Conj/Air       0%         1d11      100%        5
 Yara's Violent Unravell  Hex/Tmut       0%         3d3       100%        5
 Conjure Ball Lightning   Conj/Air       0%         3x3d6     100%        6
 Death Channel            Necr           0%         N/A       100%        6
 Simulacrum               Ice/Necr       0%         N/A       100%        6
 Starburst                Conj/Fire      0%         6d3       100%        6
 Summon Cactus Giant      Summ           0%         N/A       100%        6
 Enfeeble                 Hex            0%         N/A       100%        7
 Monstrous Menagerie      Summ           0%         N/A       100%        7
 Orb of Destruction       Conj           0%         9d5       100%        7
 Ozocubu's Refrigeration  Ice            0%         4d7       100%        7
 Spellforged Servitor     Conj/Summ      0%         N/A       100%        7
 Storm Form               Tmut/Air       0%         N/A       100%        7
 Discord                  Hex            0%         N/A       100%        8
 Disjunction              Tloc           0%         N/A       100%        8
 Polar Vortex             Ice            0%         N/A       100%        9


Dungeon Overview and Level Annotations

Branches:
Dungeon (15/15) Temple (1/1) D:6 Lair (5/5) D:9 Shoals (0/4) Lair:3 Snake (4/4) Lair:2 Slime (0/5) Lair:5 Orc (2/2) D:11 Elf (0/3) Orc:2 Vaults (0/5) D:12 D:13 Depths (0/4) D:15 IceCv (visited) Gauntlet (visited)

Altars:
Ashenzari
Cheibriados
Dithmenos
Fedhas
Gozag
Hepliaklqana
Kikubaaqudgha
Makhleb
Nemelex Xobeh
Okawaru
Qazlal
Ru
Sif Muna
Trog
Uskayaw
Vehumet
Wu Jian
Xom
Yredelemnul
Jiyva
Lugonu

Shops:
D:14 :   Orc:1 *   Orc:2 ?!=:?=*(   Snake:3 =

Portals:
Abyss: D:13 Lair:5

Annotations:
D:12 2 transporters, Rydoor's ghost, journeyman MfBe
D:13 2 transporters, Wiss's ghost, journeyman DgDe


Innate Abilities, Weirdness & Mutations

A weak demonic guardian rushes to your aid.
You frequently emit foul miasma when damaged in melee.
You are completely covered in razor-sharp scales. (AC +3, Slay +3)
Your touch may irresistibly damage your foes and sap their willpower.


Message History

The nagaraja spits poison at you.
The splash of poison hits you but does no damage.
You are more poisoned.
You resist. The nagaraja constricts you. You block the black mamba's attack.
The naga is struck by lightning.
The naga spits poison at you. You block the splash of poison.
The naga closely misses you. The naga hits you but does no damage.
The shock serpent is engulfed in blazing flames.
The shock serpent bites you but does no damage.
The shock serpent's electric aura discharges, shocking you!
You slash the naga! You burn the naga.
You kill the naga!
Qazlal accepts your kill.
You feel sick. You block the black mamba's attack.
The naga hits you but does no damage. You block the naga's attack.
The nagaraja casts a spell at you. The bolt of poison hits you! You resist.
* * * LOW HITPOINT WARNING * * *
The bolt of poison hits the guardian serpent!
The guardian serpent is poisoned.
The nagaraja constricts you. The naga hits you but does no damage.
The naga completely misses you.
The shock serpent is engulfed in blazing flames.
The shock serpent bites you but does no damage.
The shock serpent's electric aura discharges, shocking you!
* * * LOW HITPOINT WARNING * * *
Your resistance to physical damage fades away.
You feel protected from electricity.
The guardian serpent coils itself and waves its upper body at you.
The bolt of poison hits the naga.
The naga is poisoned.
The bolt of poison misses you.
The bolt of poison hits the naga.
The black mamba bites you.
* * * LOW HITPOINT WARNING * * *
The guardian serpent hits you.
* * * LOW HITPOINT WARNING * * *
Unknown command.
You slash the guardian serpent! You burn the guardian serpent.
The guardian serpent is heavily wounded.
You feel sick. The black mamba bites you!
You die...

#...§......#
#§§§§...[..#
...##
##§§.§......#
...
§NNS4§.....##
...
##§N§.....##
##.##
#NNN§§...##
##...##
#S########
##.S...## ).#
...##.NNS...##
.##
.N....S@N....#
)#
.....§SNN○...#
)#
..##.°...§..##
N)# ##......##
#)# ##....##
N# ##..## NN
##N. .N. #..
.#.


You could see a nagaraja, a shock serpent, 2 guardian serpents, a black mamba
and 6 nagas.

Vanquished Creatures
  Vashnia (Snake:2)
  Saint Roka (Snake:2)
  Rupert (D:12)
  Frances (D:14)
  Gastronok (Lair:3)
  3 nagarajas
  Aizul (Snake:1)
  Nessos (Lair:5)
  Azrael (D:14)
  A minotaur (Gauntlet)
  Snorg (D:14)
  A fire dragon (D:15)
  2 blizzard demons (IceCv)
  An ettin (D:15)
  A hydra (D:14)
  5 salamander tyrants (Snake:4)
  A caustic shrike simulacrum (IceCv)
  6 centaur warriors
  2 catoblepae
  Erica (D:10)
  8 anacondas
  A boulder beetle (Lair:3)
  4 two-headed ogres
  10 naga warriors
  A tengu warrior (D:15)
  12 naga sharpshooters
  Urug (D:12)
  A shock serpent (Snake:4)
  3 orc high priests (Orc:2)
  2 thrashing horrors (Lair:5)
  A salamander mystic (Snake:4)
  A fire crab (shapeshifter) (D:14)
  2 deep trolls (D:15)
  4 sea snakes
  9 spriggan simulacra (IceCv)
  8 naga ritualists
  2 wizards (D:14)
  The ghost of bande the Chopper, a novice GrFi (D:7)
  An obsidian statue (IceCv)
  3 harpies (Lair:3)
  A bog body (IceCv)
  6 orc knights
  13 mana vipers
  A necromancer (D:15)
  4 deep elf pyromancers
  2 deep elf zephyrmancers (D:14)
  13 ugly things
  A cyclops (D:9)
  A mana viper (shapeshifter) (Lair:5)
  4 orc sorcerers
  2 oklob plants (Lair:2)
  15 salamanders
  3 guardian serpents
  4 manticores
  17 elephants
  13 naga magi
  41 black mambas
  An ice statue (Gauntlet)
  2 molten gargoyles (Gauntlet)
  8 cane toads
  2 gargoyles
  8 rime drakes
  11 komodo dragons
  A freezing wraith (IceCv)
  3 tengu conjurers
  9 ice devils (IceCv)
  4 kobold demonologists
  An anaconda simulacrum (IceCv)
  A golden dragon simulacrum (IceCv)
  2 ancient zymes (Lair:5)
  9 trolls
  2 large abominations (Lair:5)
  A tyrant leech (shapeshifter) (Lair:5)
  A wolf spider simulacrum (D:15)
  A hornet (D:10)
  A blink frog (shapeshifter) (D:13)
  A raiju (shapeshifter) (D:13)
  32 blink frogs
  3 slime creatures (D:15)
  5 flying skulls (Gauntlet)
  12 wyverns
  A spriggan (Lair:5)
  3 fire elementals (D:14)
  56 yaks
  A wraith (D:9)
  4 ynoxinuls (Lair:5)
  2 shadows
  A dire elephant simulacrum (IceCv)
  A steam dragon (D:9)
  8 basilisks
  16 humans
  A chaos spawn (Lair:5)
  7 minotaur simulacra (IceCv)
  2 harpy simulacra (IceCv)
  53 nagas
  3 acid dragons
  9 water moccasins
  4 hell hounds (D:14)
  Duvessa (D:6)
  4 ice beasts
  19 orc warriors
  2 ettin simulacra (IceCv)
  2 sky beasts (D:7)
  2 alligator simulacra (IceCv)
  4 black bears
  6 wolves (Lair:5)
  5 ogres
  14 centaurs
  8 small abominations (Lair:5)
  2 kobold brigands
  A phantom (D:5)
  A gnoll sergeant (D:10)
  6 bullfrogs
  5 deep troll simulacra (IceCv)
  2 necrophages (D:7)
  2 scorpions (D:7)
  2 wights (D:9)
  A lindwurm simulacrum (IceCv)
  7 killer bees
  3 electric eels
  2 lava snakes (Snake:4)
  3 howler monkeys
  17 jellies
  3 gnoll boudas
  21 orc priests
  5 hounds
  Jessica (D:2)
  21 orc wizards
  4 hell rats (Lair:3)
  A centaur simulacrum (D:9)
  Robin (D:2)
  16 gnolls
  11 adders
  2 ufetubi (D:6)
  A worm (D:2)
  4 dart slugs
  51 orcs
  10 ball pythons
  9 endoplasms
  3 giant cockroaches
  18 goblins
  12 hobgoblins
  8 jackals
  5 quokkas
  A bat (D:3)
  15 kobolds
  11 rats
897 creatures vanquished.

Vanquished Creatures (collateral kills)
  A two-headed ogre (D:9)
  2 naga sharpshooters
  A thrashing horror (Lair:5)
  A sea snake (Snake:1)
  A spriggan simulacrum (IceCv)
  An ugly thing (D:14)
  A black mamba (Snake:4)
  2 yaks
  A dire elephant simulacrum (IceCv)
  A fire elemental (D:14)
  A naga (Snake:4)
  An orc warrior (D:9)
  A centaur (D:10)
  A bullfrog (D:9)
  A deep troll simulacrum (IceCv)
  Dowan (D:6)
  An electric eel (Snake:2)
  An orc (D:9)
20 creatures vanquished.

Vanquished Creatures (others)
  A naga sharpshooter (Snake:4)
  A wizard (D:15)
  An electric eel (Snake:2)
  An orc wizard (Orc:1)
  A hobgoblin (D:1)
  A frilled lizard (D:1)
  25 fungi
  18 plants
  14 withered plants (Gauntlet)
63 creatures vanquished.

Grand Total: 980 creatures vanquished

Notes
Turn   | Place    | Note
-------+----------+-------------------------------------------
     0 | D:1      | timneilson the Demonspawn Gladiator began the quest for the
                  | Orb.
     0 | D:1      | Reached XP level 1. HP: 16/16 MP: 1/1
   172 | D:1      | Gained mutation: You may rarely emit foul miasma when
                  | damaged in melee. [demonic ancestry]
   172 | D:1      | Reached XP level 2. HP: 20/22 MP: 2/2
   250 | D:1      | Reached skill level 1 in Armour
   543 | D:1      | Gained mutation: You sometimes emit foul miasma when
                  | damaged in melee. [demonic ancestry]
   543 | D:1      | Reached XP level 3. HP: 26/27 MP: 3/3
   659 | D:1      | Found a faded altar of an unknown god.
  1033 | D:2      | Gained mutation: You are partially covered in razor-sharp
                  | scales. (AC +1, Slay +1) [demonic ancestry]
  1033 | D:2      | Reached XP level 4. HP: 34/34 MP: 4/4
  1111 | D:2      | Noticed Jessica
  1112 | D:2      | Killed Jessica
  1113 | D:2      | Reached skill level 2 in Armour
  1499 | D:2      | Gained mutation: You frequently emit foul miasma when
                  | damaged in melee. [demonic ancestry]
  1499 | D:2      | Reached XP level 5. HP: 39/39 MP: 5/5
  1504 | D:2      | Noticed Robin
  1510 | D:2      | Killed Robin
  2644 | D:4      | Gained mutation: A weak demonic guardian rushes to your
                  | aid. [demonic ancestry]
  2644 | D:4      | Reached XP level 6. HP: 40/47 MP: 6/6
  2652 | D:4      | Reached skill level 3 in Armour
  2896 | D:4      | Found a shimmering altar of Xom.
  2933 | D:4      | Found a burning altar of Makhleb.
  2981 | D:5      | Entered Level 5 of the Dungeon
  3244 | D:5      | Gained mutation: You are mostly covered in razor-sharp
                  | scales. (AC +2, Slay +2) [demonic ancestry]
  3244 | D:5      | Reached XP level 7. HP: 47/52 MP: 7/7
  3399 | D:5      | Reached skill level 5 in Long Blades
  3399 | D:5      | Reached skill level 4 in Armour
  4027 | D:6      | Noticed Duvessa
  4028 | D:6      | Noticed Dowan
  4039 | D:6      | Killed Duvessa
  4040 | D:6      | Reached XP level 8. HP: 50/60 MP: 8/8
  4054 | D:6      | Killed Dowan
  4112 | D:6      | Found an iron altar of Okawaru.
  4126 | D:6      | Reached skill level 5 in Armour
  4199 | D:6      | Found a sparkling altar of Nemelex Xobeh.
  4201 | D:6      | Found an opulent altar of Gozag.
  4221 | D:6      | Found a staircase to the Ecumenical Temple.
  4231 | Temple   | Entered the Ecumenical Temple
  4500 | D:6      | Found a blossoming altar of Fedhas.
  4560 | D:6      | Found a stormy altar of Qazlal.
  4561 | D:6      | Found an ornate altar of the Wu Jian Council.
  4563 | D:6      | Found a bloodstained altar of Trog.
  5017 | D:7      | Found a runed translucent door.
  5018 | D:7      | Noticed bande's ghost (novice GrFi)
  5076 | D:7      | Reached skill level 5 in Fighting
  5076 | D:7      | Reached skill level 5 in Dodging
  5121 | D:7      | Reached skill level 6 in Armour
  5121 | D:7      | Reached XP level 9. HP: 58/68 MP: 9/9
  5570 | D:6      | Became a worshipper of Qazlal Stormbringer
  5992 | D:8      | Reached skill level 1 in Invocations
  6002 | D:8      | Reached skill level 7 in Armour
  6228 | D:8      | Reached XP level 10. HP: 57/76 MP: 12/12
  6344 | D:8      | Identified the ring of Giebosmi {Drain Fly rC+ Will+ SInv}
  6555 | D:8      | Identified a scroll of acquirement
  6555 | D:8      | Acquired a manual of Armour
  6602 | D:9      | Reached * piety under Qazlal
  6755 | D:9      | Reached skill level 8 in Armour
  6838 | D:9      | Found a staircase to the Lair.
  6839 | D:9      | Noticed a two-headed ogre
  6877 | D:9      | Killed a two-headed ogre
  6906 | D:9      | Noticed a cyclops
  6923 | D:9      | Killed a cyclops
  6931 | D:9      | Reached skill level 9 in Armour
  6937 | D:9      | Reached skill level 5 in Invocations
  7097 | D:9      | Found a hide-covered altar of Uskayaw.
  7126 | D:9      | Noticed a two-headed ogre
  7136 | D:9      | Killed a two-headed ogre
  7137 | D:9      | Reached XP level 11. HP: 37/84 MP: 13/15
  7523 | D:10     | Entered Level 10 of the Dungeon
  7558 | D:10     | Reached ** piety under Qazlal
  7570 | D:10     | Reached skill level 10 in Armour
  7653 | D:10     | Noticed Erica
  7677 | D:10     | Killed Erica
  8395 | D:11     | Found a staircase to the Orcish Mines.
  8404 | D:11     | Reached skill level 10 in Long Blades
  8451 | D:11     | Reached skill level 11 in Armour
  8698 | D:11     | Reached *** piety under Qazlal
  8789 | D:11     | Noticed a two-headed ogre
  8798 | D:11     | Killed a two-headed ogre
  9136 | D:12     | Noticed Urug
  9146 | D:12     | Killed Urug
  9147 | D:12     | Gained mutation: You are completely covered in razor-sharp
                  | scales. (AC +3, Slay +3) [demonic ancestry]
  9147 | D:12     | Reached XP level 12. HP: 33/92 MP: 17/17
  9261 | D:12     | Reached skill level 1 in Evocations
  9314 | D:12     | Found a transporter.
  9339 | D:12     | Found a bloodstained altar of Trog.
  9339 | D:12     | Noticed a two-headed ogre
  9339 | D:12     | Noticed Rydoor's ghost (journeyman MfBe)
  9342 | D:12     | Noticed a tengu warrior
  9351 | D:12     | Noticed a two-headed ogre
  9549 | D:12     | Noticed a stone giant
  9559 | D:12     | Found a transporter.
  9602 | D:12     | Reached skill level 12 in Armour
  9777 | Lair:1   | Entered Level 1 of the Lair of Beasts
  9836 | Lair:1   | Found a gate leading to a gauntlet.
  9851 | Gauntlet | Entered a Gauntlet
  9851 | Gauntlet | Found a runed translucent door.
  9851 | Gauntlet | Found a transporter.
  9851 | Gauntlet | Found a transporter.
  9851 | Gauntlet | Found a runed translucent door.
  9851 | Gauntlet | Found a transporter.
  9877 | Gauntlet | Found a transporter.
  9887 | Gauntlet | Found a transporter.
  9889 | Gauntlet | Found a transporter.
  9903 | Gauntlet | Found a transporter.
  9912 | Gauntlet | Found the brooch of Shielding {Spirit SH+8}
  9919 | Gauntlet | Found a transporter.
  9919 | Gauntlet | Noticed a catoblepas
  9923 | Gauntlet | Found a runed translucent door.
  9937 | Gauntlet | Found a transporter.
  9938 | Gauntlet | Found a transporter.
  9946 | Gauntlet | Found a transporter.
  9949 | Gauntlet | Found a transporter.
 10220 | Gauntlet | Killed a catoblepas
 10245 | Gauntlet | Identified the amulet of Propriety {RegenMP Harm}
 10268 | Gauntlet | Noticed a minotaur
 10276 | Gauntlet | Killed a minotaur
 10279 | Gauntlet | Identified the +8 spear of the Land of Plenty {protect,
                  | MP+9 Int+2}
 10831 | Lair:1   | Reached skill level 13 in Armour
 11270 | Lair:2   | Reached **** piety under Qazlal
 11637 | Lair:2   | Found a blossoming altar of Fedhas.
 11875 | Lair:2   | Found a staircase to the Snake Pit.
 12182 | Lair:2   | Gained mutation: Your touch may inflict minor irresistible
                  | damage on your foes. [demonic ancestry]
 12182 | Lair:2   | Reached XP level 13. HP: 92/100 MP: 19/19
 12282 | Lair:3   | Got the Compilation of Company and Fulmination
 12285 | Lair:3   | Noticed Gastronok
 12311 | Lair:3   | Killed Gastronok
 12322 | Lair:3   | Found a staircase to the Shoals.
 12344 | Lair:3   | Reached skill level 14 in Armour
 12681 | Lair:3   | Acquired the +2 crystal plate armour "Ununt" {+Inv rElec
                  | Int+2}
 12741 | Lair:3   | Found the +1 cloak of Starlight {*Dazzle EV+4 Stlth--}
 12971 | Lair:4   | Reached ***** piety under Qazlal
 13244 | Lair:4   | Reached skill level 5 in Evocations
 13480 | Lair:4   | Reached skill level 15 in Armour
 13765 | Lair:5   | Entered Level 5 of the Lair of Beasts
 13771 | Lair:5   | Reached skill level 10 in Invocations
 13824 | Lair:5   | Reached XP level 14. HP: 89/108 MP: 21/21
 13963 | Lair:5   | Found a viscous altar of Jiyva.
 13963 | Lair:5   | Found a staircase to the Slime Pits.
 14597 | Lair:5   | Noticed Nessos
 14621 | Lair:5   | Killed Nessos
 14657 | Lair:5   | Reached skill level 10 in Fighting
 14909 | Lair:5   | Found a corrupted altar of Lugonu.
 14909 | Lair:5   | Found a one-way gate to the infinite horrors of the Abyss.
 15201 | Orc:1    | Entered Level 1 of the Orcish Mines
 15238 | D:11     | Reached ****** piety under Qazlal
 15360 | Orc:1    | Found Guiguoman's General Store.
 15651 | Orc:2    | Entered Level 2 of the Orcish Mines
 15698 | Orc:2    | Found Yngah's Assorted Antiques.
 15708 | Orc:2    | Bought a scroll of acquirement for 1924 gold pieces
 15708 | Orc:2    | Acquired 927 gold pieces
 15751 | Orc:2    | Found a staircase to the Elven Halls.
 15780 | Orc:2    | Found Xiwithaj's Weapon Shop.
 15886 | Orc:2    | Found Kesaz's Jewellery Boutique.
 16069 | Orc:2    | Found Zeorr's Magic Scroll Shoppe.
 16072 | Orc:2    | Bought a scroll of poison for 40 gold pieces
 16072 | Orc:2    | Bought a scroll of magic mapping for 75 gold pieces
 16072 | Orc:2    | Bought a scroll of teleportation for 30 gold pieces
 16072 | Orc:2    | Bought a scroll of magic mapping for 75 gold pieces
 16350 | Orc:2    | Found Icygagage's Distillery.
 16350 | Orc:2    | Found Idouc's Magic Scroll Shop.
 16354 | Orc:2    | Found Woug's Jewellery Emporium.
 16354 | Orc:2    | Found Qytic's Book Shop.
 16385 | Orc:2    | Bought a potion of mutation for 120 gold pieces
 16385 | Orc:2    | Bought a potion of curing for 45 gold pieces
 16385 | Orc:2    | Bought a potion of heal wounds for 75 gold pieces
 16385 | Orc:2    | Bought a potion of heal wounds for 75 gold pieces
 16385 | Orc:2    | Bought a potion of curing for 45 gold pieces
 16681 | D:7      | Killed bande's ghost
 16830 | D:13     | Noticed Rupert
 16830 | D:13     | Found a gate to the Vaults.
 16853 | D:12     | Reached skill level 16 in Armour
 16860 | D:12     | Killed Rupert
 16861 | D:12     | Gained mutation: Your touch may inflict irresistible damage
                  | on your foes. [demonic ancestry]
 16861 | D:12     | Reached XP level 15. HP: 108/117 MP: 23/23
 16892 | D:12     | Reached skill level 10 in Dodging
 17083 | D:13     | Found a transporter.
 17412 | D:13     | Noticed Wiss's ghost (journeyman DgDe)
 17450 | D:13     | Found a transporter.
 17708 | D:14     | Noticed Snorg
 17718 | D:14     | Killed Snorg
 17789 | D:14     | Found Ati Feg's Book Boutique.
 17817 | D:14     | Got Xexzosh's Papyrus of Turbulent Hail
 17825 | D:14     | Identified the +1 leather armour of Circular Logic {SInv}
 17830 | D:14     | Noticed Azrael
 17850 | D:14     | Killed Azrael
 17902 | D:14     | Noticed Frances
 17930 | D:14     | Killed Frances
 18208 | D:14     | Got Sif Muna's Handbook of Dhcmrlchtdj
 18215 | D:14     | Got Ts'ui Pên's Compendium of Forking Paths
 18224 | D:14     | Got the Elucidation of Sand
 18309 | D:14     | Found an ornate altar of the Wu Jian Council.
 18422 | D:15     | Entered Level 15 of the Dungeon
 18676 | D:15     | Found an iron altar of Okawaru.
 18713 | D:15     | Found a staircase to the Depths.
 18815 | D:15     | Identified the ring of Gorpha {Wiz rF++ rN+ Will+}
 19034 | D:15     | Found a broken altar of Ashenzari.
 19456 | Snake:1  | Entered Level 1 of the Snake Pit
 20002 | Snake:1  | Gained mutation: Your touch may irresistibly damage your
                  | foes and sap their willpower. [demonic ancestry]
 20002 | Snake:1  | Reached XP level 16. HP: 56/125 MP: 25/25
 20285 | Snake:1  | Reached skill level 1 in Shields
 20755 | Snake:2  | Noticed Vashnia
 20763 | Snake:2  | Noticed Aizul
 20778 | Snake:1  | Killed Aizul
 20817 | Snake:2  | Killed Vashnia
 20881 | Snake:2  | Reached skill level 17 in Armour
 20904 | Snake:2  | Found a frozen archway.
 20916 | IceCv    | Entered an ice cave
 21592 | IceCv    | Got the Grimoire of Sandy Sculpting
 21875 | Snake:2  | Reached skill level 15 in Long Blades
 22434 | Snake:2  | Noticed Saint Roka
 22466 | Snake:2  | HP: 6/127 [Saint Roka/divine providence (12)]
 22471 | Snake:2  | Killed Saint Roka
 23328 | Snake:3  | Reached XP level 17. HP: 122/133 MP: 27/27
 23389 | Snake:3  | Found Dietsonn's Jewellery Emporium.
 23559 | Snake:3  | Reached skill level 5 in Shields
 23613 | Snake:3  | Identified the +6 long sword "Olliom" {freeze, rC+}
 24293 | Snake:4  | Entered Level 4 of the Snake Pit
 24318 | Snake:4  | Acquired a manual of Evocations
 25160 | Snake:4  | Slain by a black mamba

Illustrated notes

Levels and vault maps discovered:
D:1:      noname_arrival_rooms_in_the_neighbourhood, layout_basic,
          dreamdust_ecumenical_altar_hidden_monk_grotto, lemuel_flame_loot_1
D:2:      layout_basic, uniq_robin, uniq_jessica
D:3:      layout_loops_cross
D:4:      layout_loops_cross, makhleb_heckhound_becter, dk_xom_monty_hall
D:5:      layout_basic, saegor_snake_ambush
D:6:      layout_basic, overflow_temple_1_default,
          nicolae_overflow_hidden_temple, mainiacjoe_overflow_small_starburst,
          minmay_temple_entry_sparse_star, serial_aquarium,
          aquarium_bridge_long_separate [aquarium_subvault_bridge,
          aquarium_subvault_bridge, aquarium_subvault_wall,
          aquarium_subvault_bridge, aquarium_subvault_wall,
          aquarium_subvault_balcony], aquarium_bridge_island_small
          [aquarium_subvault_small_open, aquarium_subvault_wall,
          aquarium_subvault_balcony, aquarium_subvault_window,
          aquarium_subvault_bridge], aquarium_window_2,
          aquarium_window_corridor_3, aquarium_view_2c, aquarium_pool_2,
          uniq_duvessa
D:7:      wad_river_or_something, layout_basic, hellmonk_ghost_happy_afterlife
D:8:      layout_cave_pools
D:9:      cheibrodos_fzero, layout_irregular_city, nicolae_uskayaw_suspiria,
          serial_bayou_pond_d
D:10:     layout_irregular_city, uniq_erica
D:11:     layout_irregular_city, minmay_orc_entry_temple_small
D:12:     layout_basic, gammafunk_ghost_wrathful_warriors, uniq_urug
D:13:     layout_basic, david_vaults_3, gammafunk_ghost_abyssal_escape
D:14:     layout_rooms, nicolae_wu_jian_immortal_techniques, serial_shops,
          nicolae_shop_window_shopping, bh_hangedman_babel_library, uniq_azrael,
          uniq_snorg, uniq_frances
D:15:     hangedman_depths_entry_civil_slaughter, layout_irregular_city,
          ashenzari_altar_1, okawaru_trees_1
Temple:   nicolae_temple_bog_church
Lair:1:   statuecave_lemuel, layout_cellular_growth, gauntlet_entry_generic,
          serial_bayou_shore_b
Lair:2:   layout_gridlike, nicolae_snake_entry_squirm, hangedman_tree_tricks
Lair:3:   layout_hall_layers, nicolae_shoals_entry_roost, special_room
          [special_room_mythical_zoo], uniq_gastronok
Lair:4:   layout_roguey, serial_bayou_shore_b
Lair:5:   hellmonk_lair_end_abyssal_woods, layout_hall_layers,
          minmay_slime_entry_jelly_boxes, uniq_nessos
Snake:1:  layout_onion, special_room, serial_bayou_shore_a, lemuel_fruit_tree
Snake:2:  layout_basic, portal_ice_cave_entry_pillars_four, library_closet,
          uniq_aizul, uniq_vashnia, uniq_saint_roka
Snake:3:  layout_onion, serial_shops, nicolae_shop_window_shopping
Snake:4:  johnstein_snake_rune_scales, layout_rooms,
          nicolae_snake_salamander_fort
Orc:1:    layout_caves, serial_shops, nicolae_shop_statue_plus
Orc:2:    grunt_orc_tribal_feast, layout_diamond_mine, serial_shops, shop,
          nicolae_shop_trees, nicolae_shop_hallway_plus, shop_statue,
          basic_altar, uniq_rupert

Skill      XL: |  1  2  3  4  5  6  7  8  9 10 11 12 13 14 15 16 17 |
---------------+----------------------------------------------------+-----
Armour         | 1 2 3 4 6 7 9 11 13 15 16 17 | 17.8
Long Blades    | 3 4 5 6 8 9 10 11 12 13 14 15 | 15.6
Dodging        | 3 4 5 6 7 8 9 10 11 | 11.4
Fighting       | 3 4 5 6 7 8 9 10 11 12 | 12.2
Invocations    | 2 5 7 8 10 11 12 13 | 13.8
Evocations     | 3 5 6 7 8 9 |  9.6
Shields        | 4 6 |  6.1
Throwing       | |  1.7

Action                   |  1- 3 |  4- 6 |  7- 9 | 10-12 | 13-15 | 16-18 || total
-------------------------+-------+-------+-------+-------+-------+-------++-------
Melee: Long sword        |    85 |   179 |   257 |       |       |       ||   521
       Punch             |       |     2 |     5 |     4 |       |       ||    11
       Scimitar          |       |       |    68 |   633 |  1359 |   940 ||  3000
Evoke: Wand              |       |       |       |       |     7 |     3 ||    10
       Phantom mirror    |       |       |       |       |     1 |       ||     1
       Condenser vane    |       |       |       |       |       |     1 ||     1
  Use: Scroll            |       |    11 |     9 |    11 |     3 |     7 ||    41
       Potion            |       |       |       |     7 |     4 |    15 ||    26
 Stab: Distracted        |       |       |       |     1 |       |     2 ||     3
       Invisible         |       |       |       |       |    38 |    16 ||    54
       Petrified         |       |       |       |       |     4 |       ||     4
       Petrifying        |       |       |       |       |     1 |       ||     1
Armor: Leather armour    |    28 |     8 |       |       |       |       ||    36
       Chain mail        |       |    95 |   216 |   178 |       |       ||   489
       Plate armour      |       |       |       |   306 |   682 |   333 ||  1321
Dodge: Dodged            |    73 |    79 |   157 |   359 |   755 |   400 ||  1823
       Repelled          |       |       |       |     1 |    29 |    44 ||    74
Block: Other             |       |       |       |    66 |       |       ||    66
       Buckler           |       |       |       |    52 |   666 |       ||   718
       Kite shield       |       |       |       |       |   247 |   943 ||  1190

Table legend: (Time is in decaauts)
 A = Elapsed time spent in this place.
 B = Non-inter-level travel time spent in this place.
 C = Inter-level travel time spent in this place.
 D = Time resting spent in this place.
 E = Time spent auto-exploring this place.
 F = Levels seen in this place.
 G = Mean time per level.
                   A        B        C        D        E       F      G
               +--------+--------+--------+--------+--------+-----+--------+
         Total |  24926 |  23491 |   1435 |    502 |  15875 |  29 |  859.5 |
       Dungeon |  12543 |  11685 |    858 |     45 |   8325 |  15 |  836.2 |
        Temple |    163 |    149 |     14 |      0 |    139 |   1 |  163.0 |
          Lair |   4895 |   4548 |    347 |    129 |   3157 |   5 |  979.0 |
     Snake Pit |   4542 |   4396 |    146 |    278 |   2680 |   4 | 1135.5 |
  Orcish Mines |   1327 |   1257 |     70 |      0 |    899 |   2 |  663.5 |
      Ice Cave |    898 |    898 |      0 |      0 |    439 |   1 |  898.0 |
      Gauntlet |    555 |    555 |      0 |     50 |    235 |   1 |  555.0 |
               +--------+--------+--------+--------+--------+-----+--------+

Top non-repeatable levels by time:
 Snake:3: 1555 daAuts
 Snake:2: 1320 daAuts
  Lair:5: 1255 daAuts
  Lair:2: 1242 daAuts
 Snake:1: 1153 daAuts
     D:9: 1123 daAuts
     D:7: 1008 daAuts
     D:6: 926 daAuts
  Lair:1: 904 daAuts
   IceCv: 898 daAuts
     D:5: 896 daAuts
     D:2: 895 daAuts
   Orc:2: 894 daAuts
    D:10: 893 daAuts
    D:15: 855 daAuts
